 Dungeon Crawl Stone Soup version 0.21.1-1-g345015f (webtiles) character file.

79 letownia3 the Magician (level 4, -3/30 HPs)
             Began as a Demonspawn Wizard on Feb 5, 2018.
             Killed from afar by an orc wizard (8 damage)
             ... with a puff of flame
             ... on level 3 of the Dungeon.
             The game lasted 00:04:39 (1843 turns).

letownia3 the Magician (Demonspawn Wizard)          Turns: 1843, Time: 00:04:40

Health: -3/30      AC:  3    Str:  8    XL:     4   Next: 16%
Magic:  0/8        EV: 11    Int: 20    God:
Gold:   65         SH:  0    Dex: 11    Spells: 2/9 levels left

rFire    . . .     SeeInvis .   f - +0 dagger
rCold    . . .     Gourm    .   (no shield)
rNeg     . . .     Faith    .   l - +0 leather armour
rPois    .         Spirit   .   b - +0 hat
rElec    .         Reflect  .   (no cloak)
rCorr    .         Harm     .   (no gloves)
MR       .....                  (no boots)
Stlth    +.........             (no amulet)
HPRegen  0.10/turn              (no ring)
MPRegen  0.11/turn              (no ring)

@: no status effects
A: powered by pain 2
a: no special abilities


You were on level 3 of the Dungeon.
You were hungry.

You visited 1 branch of the dungeon, and saw 4 of its levels.

You collected 65 gold pieces.

Inventory:

Hand Weapons
 f - a +0 dagger (weapon)
Armour
 a - a +0 robe
 b - a +0 hat (worn)
 l - a +0 leather armour (worn)
Scrolls
 h - 2 scrolls of remove curse {unknown}
 j - a scroll of teleportation {unknown}
 k - a scroll of identify {unknown}
 o - a scroll of enchant armour {unknown}
Potions
 e - 2 potions of haste {unknown}
 g - 2 potions of agility {unknown}
 i - a potion of heal wounds {unknown}
 m - a potion of invisibility {unknown}
Books
 c - a book of Minor Magic

   Spells                             Type                      Level
   a - Magic Dart                     Conjuration                  1
   b - Blink                          Translocation                2
   c - Call Imp                       Summoning                    2
   d - Slow                           Hexes                        2
   e - Conjure Flame                  Conjuration/Fire             3
   f - Mephitic Cloud                 Conjuration/Poison/Air       3
Comestibles
 d - 6 rations


   Skills:
 - Level 1.7 Dodging
 - Level 1.7 Stealth
 - Level 3.0 Spellcasting
 - Level 3.0 Conjurations
   Level 1.0 Summonings
   Level 0.8 Translocations
 + Level 1.1 Fire Magic
 + Level 1.1 Air Magic
 + Level 1.2 Poison Magic


You had 2 spell levels left.
You knew the following spells:

 Your Spells              Type           Power        Failure   Level  Hunger
a - Magic Dart            Conj           ###.         6%          1    None
c - Conjure Flame         Conj/Fire      ##......     26%         3    ###....
e - Mephitic Cloud        Conj/Pois/Air  ##......     30%         3    ###....


Dungeon Overview and Level Annotations

Branches:
Dungeon (4/15)
 Temple: D:4-7

Altars:
Elyvilon
Gozag
Qazlal
Trog


Innate Abilities, Weirdness & Mutations

You sometimes gain power by taking damage.


Message History

The orc wizard is almost dead.
The orc wizard hits you with a dagger.
* * * LOW HITPOINT WARNING * * *
Unknown command.
Unknown command.
You completely miss the orc wizard.
The orc wizard is almost dead.
The orc wizard hits you with a dagger.
* * * LOW HITPOINT WARNING * * *
Unknown command.
Unknown command.
You closely miss the orc wizard.
The orc wizard is almost dead.
The orc wizard closely misses you.
Unknown command.
You barely miss the orc wizard.
The orc wizard is almost dead.
The orc wizard casts a spell at you. The puff of flame hits you!
You die...

≈.≈..§§≈§..#.# ##≈
^≈..≈##§.#.#.# #§
##...§##.#.#.# ##
#...(##≈≈#.#.# ##
§§≈..(.≈...#.# #.
§§._(......#.# #.
^....^.≈^..#'###### #.
#^^.^^^#.#........# #.
#≈..^(≈#^#......@.# #.
##..≈^##.#......o.# #.
§.≈.^.≈^##.......## ## # #.
#......§.........# ##_###8# #.
#..#.......#[###.##8...8...8##
#. #..........#>#
#.##.........####.
#....#########
#.#8.........>#.#. #....#
#.##.........##... #..#.#
####.##8...8...8#####


You could see an orc wizard.

Vanquished Creatures
  3 adders (D:2)
  A worm (D:2)
  A dart slug (D:3)
  A leopard gecko (D:3)
  7 orcs (D:3)
  4 giant cockroaches
  3 goblins
  A hobgoblin (D:3)
  4 kobolds
  A quokka (D:2)
  7 bats
  2 frilled lizards
  4 rats
39 creatures vanquished.

Notes
Turn   | Place    | Note
-------+----------+-------------------------------------------
     0 | D:1      | letownia3 the Demonspawn Wizard began the quest for the Orb.
     0 | D:1      | Reached XP level 1. HP: 13/13 MP: 4/4
   248 | D:1      | Gained mutation: You sometimes gain a little power by taking damage. [demonic ancestry]
   248 | D:1      | Reached XP level 2. HP: 19/19 MP: 3/6
   398 | D:2      | Reached XP level 3. HP: 21/24 MP: 3/7
   403 | D:2      | Learned a level 3 spell: Mephitic Cloud
   407 | D:2      | Learned a level 3 spell: Conjure Flame
   930 | D:3      | Found a bloodstained altar of Trog.
  1107 | D:3      | Reached skill level 1 in Poison Magic
  1157 | D:3      | Reached skill level 1 in Air Magic
  1233 | D:3      | Found an opulent altar of Gozag.
  1235 | D:3      | Found a white marble altar of Elyvilon.
  1307 | D:3      | Found a stormy altar of Qazlal.
  1346 | D:3      | Gained mutation: You sometimes gain power by taking damage. [demonic ancestry]
  1346 | D:3      | Reached XP level 4. HP: 30/30 MP: 4/8
  1369 | D:3      | Reached skill level 1 in Fire Magic
  1843 | D:3      | Killed from afar by an orc wizard

Skill      XL: |  1  2  3  4 |
---------------+-------------+-----
Conjurations   | 2 3 |  3.0
Poison Magic   | 1 |  1.2
Air Magic      | 1 |  1.1
Fire Magic     | 1 |  1.1
Dodging        | |  1.7
Stealth        | |  1.7
Spellcasting   | |  3.0
Summonings     | |  1.0
Translocations | |  0.8

Action                   |  1- 3 |  4- 6 || total
-------------------------+-------+-------++-------
Melee: Dagger            |    16 |    26 ||    42
 Cast: Magic Dart        |    77 |    20 ||    97
       Mephitic Cloud    |       |     1 ||     1
 Stab: Sleeping          |     1 |       ||     1
       Confused          |       |     1 ||     1
  Eat: Chunk             |     1 |     1 ||     2
Armor: Leather armour    |       |     2 ||     2
Dodge: Dodged            |    20 |    11 ||    31
